 Dungeon Crawl Stone Soup version 0.31-a0-325-g067879e3d3 (webtiles) character file.

Game seed: 13591760118852982416

12082 HallandMoats the Blocker (level 11, -11/113 HPs)
             Began as a Troll Fighter on July 18, 2023.
             Was a High Priest of Okawaru.
             Mangled by a catoblepas (16 damage)
             ... while petrified by a catoblepas
             ... in a Gauntlet.
             The game lasted 00:16:59 (10091 turns).

HallandMoats the Blocker (Troll Fighter)           Turns: 10091, Time: 00:16:59

Health: -11/113    AC:  8    Str: 26    XL:     11   Next: 57%
Magic:  0/10       EV:  1    Int:  6    God:    Okawaru [*****.]
Gold:   718        SH:  0    Dex: 11    Spells: 10/10 levels left

rFire   . .          .
                       - Unarmed
rCold   . . .        b - +2 kite shield
rNeg    + + +        w - +0 acid dragon scales
rPois   ∞            (helmet restricted)
rElec   .            (no cloak)
rCorr   +            (gloves unavailable)
SInv    .            (boots unavailable)
Will    .....        p - amulet of guardian spirit
Stlth   +            o - +5 ring of evasion
HPRegen 1.18/turn    (no ring)
MPRegen 0.12/turn

%: no teleportation, guardian spirit
@: petrified
A: large, unfitting armour, claws 3, regeneration 1, shaggy fur 1, tough skin 1
a: Renounce Religion, Heroism, Finesse, Duel


You were in a Gauntlet.
You worshipped Okawaru.
Okawaru was extremely pleased with you.
You visited 1 branch of the dungeon, and saw 11 of its levels.
You also visited: Bailey and Gauntlet.

You collected 718 gold pieces.

Inventory:

Missiles
 B - 2 throwing nets
Armour
 b - a +2 kite shield (worn)
 w - +0 acid dragon scales (worn)
Jewellery
 o - a +5 ring of evasion (left claw)
 p - an amulet of guardian spirit (around neck)
 t - a ring of ice
Wands
 a - a wand of roots (12)
 q - a wand of acid (24)
 v - a wand of mindburst (14)
Scrolls
 g - 3 scrolls of identify
 i - 2 scrolls of teleportation
 j - a scroll of enchant weapon
 m - 2 scrolls of amnesia {unknown}
 n - a scroll of immolation
 s - 3 scrolls of poison
 y - a scroll of fear
 z - 5 scrolls of fog
Potions
 d - a potion of resistance {unknown}
 e - 5 potions of invisibility {unknown}
 h - 3 potions of heal wounds {unknown}
 k - 7 potions of curing {unknown}
 l - 3 potions of brilliance {unknown}
 r - 4 potions of mutation {unknown}
 u - 3 potions of haste {unknown}
Miscellaneous
 C - a phial of floods


   Skills:
 * Level 8.9 Fighting
 * Level 8.8 Dodging
 * Level 9.5 Shields
 + Level 7.5 Unarmed Combat
 + Level 0.7 Invocations


You had 10 spell levels left.
You didn't know any spells.
Your spell library contained the following spells:

 Spells                   Type           Power      Damage    Failure   Level
 Kiss of Death            Conj/Necr      0%         2d5       71%         1
 Confusing Touch          Hex            0%         N/A       97%         3
 Vhi's Electric Charge    Tloc/Air       0%         N/A       97%         3
 Dispel Undead            Necr           0%         3d6       100%        4
 Arcjolt                  Conj/Air       0%         1d10      100%        5
 Plasma Beam              Fire/Air       0%         2x1d10    100%        6


Dungeon Overview and Level Annotations

Branches:
Dungeon (11/15)            Temple (0/1) D:5            Lair (0/5) D:11
    Orc (0/2) D:10         Bailey (visited)         Gauntlet (1/1)

Altars:
Ashenzari
Dithmenos
Elyvilon
Fedhas
Gozag
Hepliaklqana
Kikubaaqudgha
Nemelex Xobeh
Okawaru
Qazlal
Ru
Sif Muna
Vehumet
Wu Jian
Xom
Zin

Shops:
D:5 *

Annotations:
D:8 2 transporters, exclusion: orange crystal statue Gauntlet 13 transporters, 2 runed translucent doors


Innate Abilities, Weirdness & Mutations

You are too large for most types of armour.
You have claws for hands.
Your natural rate of healing is unusually fast.
You are covered in fur. (AC +1)
You have tough skin. (AC +1)


Message History

The catoblepas closely misses you.
You scratch the catoblepas but do no damage.
The catoblepas is severely wounded.
The catoblepas breathes a plume of calcifying dust at you.
The blast of calcifying dust hits you.
You claw the catoblepas!
The catoblepas is severely wounded.
You are engulfed in calcifying dust.
You are slowing down.
The catoblepas breathes a plume of calcifying dust at you.
The blast of calcifying dust hits you but does no damage.
The catoblepas breathes a plume of calcifying dust at you.
The blast of calcifying dust hits you.
Your limbs are stiffening.
Unknown command.
The catoblepas breathes a plume of calcifying dust at you.
The blast of calcifying dust hits you but does no damage.
You have turned to stone.
You are engulfed in calcifying dust.
The catoblepas gores you but does no damage.
You are engulfed in calcifying dust.
The catoblepas completely misses you.
You are engulfed in calcifying dust.
The catoblepas gores you!!
You are engulfed in calcifying dust.
The catoblepas completely misses you. The gargoyle hits you with a +0 mace!
You are engulfed in calcifying dust.
The gargoyle hits you with a +0 mace!
The gargoyle hits you with a +0 morningstar!
The catoblepas gores you but does no damage.
You are engulfed in calcifying dust.
The catoblepas gores you!!
The gargoyle hits you with a +0 morningstar!
* * * LOW HITPOINT WARNING * * *
The gargoyle hits you with a +0 mace!!
* * * LOW HITPOINT WARNING * * *
The gargoyle hurls a stone arrow at you.
The stone arrow hits you!!
* * * LOW HITPOINT WARNING * * *
The gargoyle hits you with a +0 morningstar!
* * * LOW HITPOINT WARNING * * *
The catoblepas gores you!
* * * LOW HITPOINT WARNING * * *
The catoblepas gores you!!
You die...

.PP.#.+...+.#..P≈≈≈≈≈.P.#.#.^.44#
..♣.#.#####G#...#≈#≈#...#..####.#
#...#.....GG#...........#.......#
#≈..#############################
#≈≈....#©.........©.........©#...
####...#######################...
#≈.........#.!.©.!.#.........≈
#≈≈..♣...♣.#....##9#.♣P.P♣..≈≈
####..PP...#9@##.#.#.P.PP..###
#≈..♣.P.#9Y#©.#.#.P.♣..≈#
#≈≈..PP.#.#..##.#..P..≈≈#
####..♣.#.####..#.♣..####
#≈...#..Y....#...≈#
#≈≈..#########..≈≈#
####.....©.....#### #≈..∩...∩..≈#
#≈≈...♣...≈≈#


You could see a catoblepas, an eye of devastation, 2 gargoyles, a floating eye
and a golden eye.

Vanquished Creatures
  2 vault guards (Bailey)
  A two-headed ogre (D:9)
  Pikel (D:7)
  A manticore (D:11)
  A gargoyle (D:7)
  Maggie (D:7)
  Prince Ribbit (Bailey)
  2 shadows
  2 wraiths (D:9)
  3 humans (Bailey)
  15 yaks
  A warg (D:10)
  Menkaure (D:6)
  Grum (D:8)
  Duvessa (D:5)
  An acid dragon (D:10)
  2 orc warriors
  4 ice beasts
  3 black bears
  2 sky beasts
  3 ogres
  3 wolves (D:8)
  3 centaurs
  2 phantoms
  3 kobold brigands
  2 gnoll sergeants
  6 bullfrogs
  2 scorpions
  17 wights
  Dowan (D:5)
  7 killer bees (D:10)
  3 howler monkeys (D:10)
  A lava snake (D:8)
  2 jellies
  3 hounds
  6 orc priests
  A sleepcap (D:5)
  Crazy Yiuf (D:2)
  Jessica (D:2)
  5 orc wizards
  3 iguanas (D:6)
  9 gnolls
  4 adders
  A shadow imp (D:5)
  A white imp (D:5)
  A worm (D:4)
  4 dart slugs
  28 orcs
  7 ball pythons
  2 bats (D:2)
  10 endoplasms
  3 giant cockroaches
  18 goblins
  10 hobgoblins
  2 quokkas
  2 frilled lizards
  27 kobolds
  4 rats
254 creatures vanquished.

Notes
Turn   | Place    | Note
-------+----------+-------------------------------------------
     0 | D:1      | HallandMoats the Troll Fighter began the quest for the Orb.
     0 | D:1      | Reached XP level 1. HP: 22/22 MP: 0/0
   477 | D:1      | Reached XP level 2. HP: 29/29 MP: 1/1
   568 | D:1      | Reached skill level 3 in Shields
   663 | D:1      | Reached XP level 3. HP: 33/36 MP: 2/2
   929 | D:2      | Found a sacrificial altar of Ru.
   986 | D:2      | Noticed Jessica
   997 | D:2      | Killed Jessica
   998 | D:2      | Reached XP level 4. HP: 37/45 MP: 3/3
  1227 | D:2      | Found a runed translucent door.
  1228 | D:2      | Noticed Crazy Yiuf
  1432 | D:2      | Killed Crazy Yiuf
  1747 | D:3      | Found a glowing silver altar of Zin.
  1748 | D:3      | Found an ornate altar of the Wu Jian Council.
  1749 | D:3      | Found a sparkling altar of Nemelex Xobeh.
  1766 | D:3      | Reached XP level 5. HP: 53/53 MP: 4/4
  1824 | D:3      | You fall into a shaft and drop 1 floor!
  2269 | D:3      | Found a shadowy altar of Dithmenos.
  3368 | D:5      | Entered Level 5 of the Dungeon
  3376 | D:5      | Reached XP level 6. HP: 45/62 MP: 5/5
  3419 | D:5      | Noticed an ice beast
  3438 | D:5      | Killed an ice beast
  3439 | D:5      | Reached skill level 4 in Shields
  3504 | D:5      | Found Uqopot's Lightly-Used Armoury.
  3555 | D:5      | Reached XP level 7. HP: 70/70 MP: 6/6
  3862 | D:5      | Reached skill level 5 in Shields
  3922 | D:5      | Noticed Dowan
  3923 | D:5      | Noticed Duvessa
  3936 | D:5      | Killed Duvessa
  3937 | D:5      | Reached XP level 8. HP: 54/79 MP: 4/7
  3945 | D:5      | Killed Dowan
  3946 | D:5      | Reached skill level 5 in Fighting
  3975 | D:5      | Found an iron altar of Okawaru.
  3992 | D:5      | Became a worshipper of Warmaster Okawaru
  4028 | D:5      | Found a staircase to the Ecumenical Temple.
  4406 | D:6      | Reached skill level 5 in Dodging
  4423 | D:6      | Found an opulent altar of Gozag.
  4850 | D:6      | Found a shimmering blue altar of Sif Muna.
  4850 | D:6      | Noticed Menkaure
  4859 | D:6      | Killed Menkaure
  5169 | D:7      | Noticed Pikel
  5189 | D:7      | Killed Pikel
  5189 | D:7      | Reached * piety under Okawaru
  5190 | D:7      | Reached skill level 6 in Shields
  5190 | D:7      | Reached XP level 9. HP: 89/89 MP: 8/8
  5236 | D:7      | Reached skill level 5 in Unarmed Combat
  5356 | D:7      | Noticed Maggie
  5366 | D:7      | Killed Maggie
  5556 | D:7      | Reached ** piety under Okawaru
  5783 | D:7      | Reached skill level 7 in Shields
  5958 | D:7      | Noticed a gargoyle
  5961 | D:7      | Found a faded altar of an unknown god.
  5965 | D:7      | Killed a gargoyle
  5966 | D:7      | Found a hazy altar of Hepliaklqana.
  6044 | D:8      | Found a flagged portal.
  6053 | Bailey   | Entered a bailey
  6107 | Bailey   | Reached XP level 10. HP: 102/102 MP: 9/9
  6154 | Bailey   | Reached *** piety under Okawaru
  6196 | Bailey   | Noticed a vault guard
  6196 | Bailey   | Noticed Prince Ribbit
  6213 | Bailey   | Killed a vault guard
  6226 | Bailey   | Killed Prince Ribbit
  6297 | Bailey   | Noticed a vault guard
  6308 | Bailey   | Killed a vault guard
  6309 | Bailey   | Reached skill level 8 in Shields
  6391 | D:8      | Identified the +5 sling of Anguish {drain, *Slow rN+ Will+
                  | Int+3}
  6564 | D:8      | Noticed Grum
  6585 | D:8      | Killed Grum
  6588 | D:8      | Reached **** piety under Okawaru
  6664 | D:8      | Found a transporter.
  6667 | D:8      | Noticed an orange crystal statue
  6667 | D:8      | Noticed a boulder beetle
  6667 | D:8      | Noticed a boulder beetle
  6667 | D:8      | Noticed a cyclops
  6708 | D:8      | Found a transporter.
  7889 | D:9      | Reached XP level 11. HP: 97/111 MP: 8/10
  7998 | D:9      | Noticed a two-headed ogre
  8007 | D:9      | Killed a two-headed ogre
  8007 | D:9      | Reached ***** piety under Okawaru
  8008 | D:9      | Reached skill level 9 in Shields
  8363 | D:9      | Found a shimmering altar of Xom.
  8364 | D:9      | Found a sacrificial altar of Ru.
  8366 | D:9      | Found a white marble altar of Elyvilon.
  8366 | D:9      | Found an ancient bone altar of Kikubaaqudgha.
  8384 | D:9      | Found a blossoming altar of Fedhas.
  8675 | D:10     | Entered Level 10 of the Dungeon
  8790 | D:10     | Received a gift from Okawaru
  8834 | D:10     | Found a staircase to the Orcish Mines.
  8926 | D:10     | Found a stormy altar of Qazlal.
  9067 | D:10     | Found a broken altar of Ashenzari.
  9424 | D:10     | Found Kaosk's General Store.
  9490 | D:10     | Found a radiant altar of Vehumet.
  9686 | D:11     | Found a gate leading to a gauntlet.
  9695 | Gauntlet | Entered a Gauntlet
  9695 | Gauntlet | Found a transporter.
  9699 | Gauntlet | Noticed a catoblepas
  9706 | Gauntlet | Found a transporter.
  9708 | Gauntlet | Found a transporter.
  9719 | Gauntlet | Found a transporter.
  9722 | Gauntlet | Found a transporter.
  9727 | Gauntlet | Noticed a blizzard demon
  9731 | Gauntlet | Found a transporter.
  9747 | Gauntlet | Found a transporter.
  9748 | Gauntlet | Noticed a hell hog
  9758 | Gauntlet | Found a transporter.
  9770 | Gauntlet | Found a transporter.
  9788 | Gauntlet | Found a transporter.
  9796 | Gauntlet | Found a runed translucent door.
  9799 | Gauntlet | Found a transporter.
  9799 | Gauntlet | Found a transporter.
  9802 | Gauntlet | Found a runed translucent door.
  9839 | Gauntlet | Found a transporter.
  9853 | Gauntlet | Found a transporter.
 10090 | Gauntlet | HP: 4/113 [catoblepas (5)]
 10091 | Gauntlet | Mangled by a catoblepas

Illustrated notes

Levels and vault maps discovered:
D:1:      lemuel_arrival_rhombus, layout_loops_corners, minmay_misc_feat_encased
D:2:      kennysheep_the_goblin_king, layout_rooms, basic_altar, uniq_jessica,
          uniq_crazy_yiuf_cottage
D:3:      layout_basic, amcnicky_altar_gilded,
          gammafunk_temple_overflow_forgotten, serial_forest,
          infiniplex_forest_3_way, infiniplex_forest_corner_1,
          infiniplex_forest_clump_cross, infiniplex_forest_straight_3,
          infiniplex_forest_end_3, infiniplex_forest_clump_double,
          infiniplex_forest_corner_1, infiniplex_forest_clump_tiny
D:4:      layout_basic
D:5:      layout_basic, mainiacjoe_overflow_surrounded_room,
          minmay_temple_entry_overgrown, minmay_shop_damaged,
          chequers_serial_rivers_small_3, grunt_decor_junction, hex_large,
          uniq_duvessa
D:6:      nicolae_cairo_tiling_large, layout_loops_ring, old_standard_altar,
          marbit_many_paths, hangedman_decor_points, kennysheep_crisscross,
          uniq_menkaure
D:7:      layout_loops_ring, beargit_hepliaklqana_dungeon_heroes,
          nicolae_hexahallways, uniq_pikel, uniq_maggie
D:8:      gammafunk_sealed_arena, layout_basic, enter_bailey_6, minivault_21,
          chequers_serial_rivers_micro_e, kennysheep_decorative_pillar,
          grunt_ministairs_12, minmay_misc_feat_iff, uniq_grum
D:9:      layout_basic, mainiacjoe_overflow_alcove_3, fedhas_altar_2,
          grunt_decor_one_mirror
D:10:     cheibrodos_elevator_heist, layout_loops_ring, vehumet_crystals,
          nicolae_ashenzari_panopticon, mainiacjoe_overflow_alcove_1,
          david_orc_3, serial_shops, shop
D:11:     layout_basic, grunt_lair_entry_orc_guard_hut, gammafunk_ghost_ooze,
          special_room [special_room_orc], gauntlet_entry_generic
Gauntlet: minmay_gauntlet_77_tree [minmay_gauntlet_arena_77_hold_the_fort,
          minmay_gauntlet_arena_77_shame_cube,
          minmay_gauntlet_arena_77_radiant_squares,
          minmay_gauntlet_arena_77_mirror, minmay_gauntlet_arena_77_museum,
          minmay_gauntlet_arena_77_double_cross,
          minmay_gauntlet_arena_77_braids, dreamdust_gauntlet_exit_labyrinth]

Skill      XL: |  1  2  3  4  5  6  7  8  9 10 11 |
---------------+----------------------------------+-----
Shields        | 3 4 5 6 7 8 9 |  9.5
Fighting       | 3 4 5 7 8 |  8.9
Dodging        | 3 4 5 6 8 |  8.8
Unarmed Combat | 3 4 5 6 7 |  7.5
Invocations    | |  0.7

Action                     |  1- 3 |  4- 6 |  7- 9 | 10-12 || total
---------------------------+-------+-------+-------+-------++-------
  Melee: Unarmed           |    71 |   185 |   268 |   456 ||   980
 Invoke: Heroism           |       |       |     1 |     2 ||     3
    Use: Potion            |       |     1 |     1 |     1 ||     3
         Scroll            |       |       |    11 |     3 ||    14
   Stab: Sleeping          |     2 |       |     1 |       ||     3
         Distracted        |       |     1 |       |       ||     1
 Armour: Robe              |    15 |    28 |    24 |       ||    67
         Steam dragon scal |       |       |    15 |    50 ||    65
         Acid dragon scale |       |       |       |    11 ||    11
  Dodge: Dodged            |    22 |    56 |   123 |   190 ||   391
  Block: Kite shield       |    16 |    72 |   124 |   237 ||   449

Table legend: (Time is in decaauts)
 A = Elapsed time spent in this place.
 B = Non-inter-level travel time spent in this place.
 C = Inter-level travel time spent in this place.
 D = Time resting spent in this place.
 E = Time spent auto-exploring this place.
 F = Levels seen in this place.
 G = Mean time per level.
                   A        B        C        D        E       F      G
               +--------+--------+--------+--------+--------+-----+--------+
         Total |  10094 |   9713 |    381 |    114 |   7250 |  13 |  776.5 |
       Dungeon |   9396 |   9015 |    381 |    114 |   6942 |  11 |  854.2 |
        Bailey |    300 |    300 |      0 |      0 |    100 |   1 |  300.0 |
      Gauntlet |    397 |    397 |      0 |      0 |    208 |   1 |  397.0 |
               +--------+--------+--------+--------+--------+-----+--------+

Top non-repeatable levels by time:
     D:9: 1169 daAuts
     D:8: 1159 daAuts
     D:3: 1115 daAuts
    D:10: 983 daAuts
     D:5: 941 daAuts
     D:7: 899 daAuts
     D:1: 841 daAuts
     D:6: 830 daAuts
     D:4: 776 daAuts
     D:2: 649 daAuts
Gauntlet: 397 daAuts
  Bailey: 300 daAuts
    D:11: 29 daAuts
